[Event "Titled Tuesday Blitz July 18 Early 2023"]
[White "Oparin, Grigoriy"]
[Black "Galchenko, Matvey"]
[WhiteFideId "24125890"]
[BlackFideId "24175480"]
[WhiteElo "2991"]
[BlackElo "2880"]
[Result "1-0"]
[Round "8"]
[TimeControl "180+2"]
[Date "2023.07.18"]
[WhiteClock "0:00:23"]
[BlackClock "0:00:01"]
[Board "5"]

1. d4 Nf6 2. c4 c5 3. d5 e6 4. Nc3 exd5 5. cxd5 d6 6. Nf3 g6 7. h3 Bg7 8. Bf4 O-O 9. e3 Na6 10. Bxa6 bxa6 11. O-O Rb8 12. Rb1 Bf5 13. Rc1 Rxb2 14. Qa4 Qb6 15. Qc6 Qxc6 16. dxc6 Rc8 17. Bxd6 Rxc6 18. Rfd1 h6 19. Be5 Rb7 20. Nd5 Nxd5 21. Rxd5 Bf8 22. Nd4 cxd4 23. Rxc6 Be4 24. Rcd6 Bxd5 25. Rxd5 dxe3 26. fxe3 Rb5 27. e4 Rxd5 28. exd5 Bc5+ 29. Kf1 Kf8 30. Ke2 Ke7 31. Kd3 f6 32. Bf4 g5 33. Bd2 Kd6 34. Ke4 f5+ 35. Kxf5 Kxd5 36. Kg6 Bf8 37. Kf7 Bc5 38. Kg7 Ke4 39. Kxh6 Kd3 40. Bxg5 Kc2 41. Bd8 Kb2 42. a4 Kb3 43. a5 Ka4 44. g4 Bb4 45. g5 1-0


[Site "https://www.chess.com"]

[Event "Titled Tuesday Blitz July 18 Early 2023"]
[White "Kramnik, Vladimir"]
[Black "Bacrot, Etienne"]
[WhiteFideId "4101588"]
[BlackFideId "605506"]
[WhiteElo "2988"]
[BlackElo "2861"]
[Result "1-0"]
[Round "8"]
[TimeControl "180+2"]
[Date "2023.07.18"]
[WhiteClock "0:00:09"]
[BlackClock "0:00:00"]
[Board "6"]

1. e4 c5 2. Nf3 d6 3. d4 cxd4 4. Nxd4 Nf6 5. Nc3 Nc6 6. Be2 g6 7. Be3 Bg7 8. O-O O-O 9. Qd2 Qa5 10. Nb3 Qc7 11. f3 Ne5 12. Rad1 Nc4 13. Bxc4 Qxc4 14. Bh6 b6 15. Bxg7 Kxg7 16. Qe3 Bb7 17. e5 dxe5 18. Qxe5 Rfe8 19. Rd7 Ba6 20. Re1 Qc6 21. Rc7 Qd6 22. Rxe7 Rxe7 23. Qxe7 Qf4 24. Qe5 Qxe5 25. Rxe5 Kf8 26. a4 Rd8 27. a5 Bc4 28. axb6 axb6 29. h4 h5 30. Kf2 Bxb3 31. cxb3 Rd4 32. g3 Rd2+ 33. Re2 Rd4 34. Ke3 Rb4 35. Kd3 Nd7 36. Kc2 Nc5 37. Ne4 Nxb3 38. Kc3 Rb5 39. Kc4 f5 40. Ng5 Nc1 41. Kxb5 Nxe2 42. Kxb6 Nxg3 43. b4 Ke7 44. b5 Ne2 45. Kc7 1-0


[Site "https://www.chess.com"]

[Event "Titled Tuesday Blitz July 18 Early 2023"]
[White "Bachmann, Axel"]
[Black "Galperin, Platon"]
[WhiteFideId "3700488"]
[BlackFideId "14165414"]
[WhiteElo "2821"]
[BlackElo "2984"]
[Result "0-1"]
[Round "8"]
[TimeControl "180+2"]
[Date "2023.07.18"]
[WhiteClock "0:00:18"]
[BlackClock "0:01:33"]
[Board "7"]

1. c4 Nf6 2. Nc3 g6 3. Nf3 Bg7 4. d4 O-O 5. Bg5 c5 6. d5 b5 7. cxb5 a6 8. e3 h6 9. Bh4 Qa5 10. Nd2 Qb4 11. Bg3 Qxb2 12. Rc1 axb5 13. Bxb5 Nxd5 14. Nxd5 Qxb5 15. Nc7 Qa5 16. Nxa8 d6 17. O-O Qxa8 18. e4 Nc6 19. Nc4 Be6 20. Nb6 Qxa2 21. Nd5 Bxd5 22. exd5 Nb4 23. Re1 Nxd5 24. Re2 Qa8 25. Qb3 Rb8 26. Qf3 Bd4 27. h4 h5 28. Rce1 e5 29. Rd2 Nc3 30. Qf6 Ne4 31. Rxe4 Qxe4 32. Qxd6 Rb1+ 33. Kh2 Qe1 0-1


[Site "https://www.chess.com"]

[Event "Titled Tuesday Blitz July 18 Early 2023"]
[White "Basso, Pier Luigi"]
[Black "Pranav, V"]
[WhiteFideId "866970"]
[BlackFideId "25060783"]
[WhiteElo "2732"]
[BlackElo "2965"]
[Result "1-0"]
[Round "8"]
[TimeControl "180+2"]
[Date "2023.07.18"]
[WhiteClock "0:00:09"]
[BlackClock "0:00:00"]
[Board "8"]

1. e4 c6 2. d4 d5 3. Nc3 dxe4 4. Nxe4 Nf6 5. Nxf6+ exf6 6. c3 Bd6 7. Bd3 O-O 8. Ne2 Re8 9. Qc2 h5 10. O-O h4 11. h3 Nd7 12. Bd2 Nf8 13. Rae1 Be6 14. f4 c5 15. f5 Bd5 16. c4 Bc6 17. d5 Bd7 18. Nf4 Qc7 19. Qd1 Nh7 20. Qg4 g5 21. Nh5 Be5 22. b3 Qd6 23. Kh1 Re7 24. Re2 Rae8 25. Rfe1 a6 26. a4 Bc8 27. a5 Kf8 28. g3 hxg3 29. Kg2 b5 30. axb6 Qxb6 31. Bc2 a5 32. h4 Bd6 33. hxg5 Rxe2+ 34. Rxe2 Rxe2+ 35. Qxe2 Nxg5 36. Nxf6 Be7 37. Bxg5 Bxf6 38. Bh6+ Kg8 39. Qe8+ Kh7 40. Qxf7+ Kh8 41. Bf4 Qd8 42. Bxg3 Bd7 43. Be4 Be8 44. Qf8+ Kh7 45. Bf4 a4 46. bxa4 Bxa4 47. Qxd8 Bxd8 48. Be5 Bb3 49. Bd3 Kg8 50. Kf3 Bg5 51. Bd6 Bd1+ 52. Kf2 Bh4+ 53. Ke3 Bf6 54. Ke4 1-0


[Site "https://www.chess.com"]

[Event "Titled Tuesday Blitz July 18 Early 2023"]
[White "Carlsen, Magnus"]
[Black "Ibarra Jerez, Jose Carlos"]
[WhiteFideId "1503014"]
[BlackFideId "2226332"]
[WhiteElo "3270"]
[BlackElo "2937"]
[Result "1-0"]
[Round "8"]
[TimeControl "180+2"]
[Date "2023.07.18"]
[WhiteClock "0:01:09"]
[BlackClock "0:00:22"]
[Board "9"]

1. e4 c5 2. Nc3 a6 3. Nge2 e6 4. g3 b5 5. Bg2 Bb7 6. d4 cxd4 7. Nxd4 Ne7 8. O-O Nec6 9. Nb3 d6 10. a4 b4 11. Ne2 Be7 12. a5 O-O 13. Be3 Nd7 14. Nf4 Qc7 15. Nd3 Nce5 16. Nxe5 dxe5 17. Qe2 Bc6 18. Rfc1 Qb7 19. f3 Rac8 20. Rd1 Bb5 21. Qf2 Rc6 22. Rd2 Rfc8 23. Rad1 Nf6 24. Bf1 Bxf1 25. Kxf1 Qb5+ 26. Kg2 h6 27. Bb6 Rc4 28. Bd8 Bxd8 29. Rxd8+ Kh7 30. Rxc8 Rxc8 31. Rd2 Qc6 32. Qb6 Qxb6 33. axb6 Rc6 34. b7 Rb6 35. Na5 1-0


[Site "https://www.chess.com"]

[Event "Titled Tuesday Blitz July 18 Early 2023"]
[White "Durarbayli, Vasif"]
[Black "Theodorou, Nikolas"]
[WhiteFideId "13402935"]
[BlackFideId "4262875"]
[WhiteElo "2929"]
[BlackElo "3077"]
[Result "0-1"]
[Round "8"]
[TimeControl "180+2"]
[Date "2023.07.18"]
[WhiteClock "0:00:47"]
[BlackClock "0:01:45"]
[Board "10"]

1. e4 e5 2. Nf3 Nc6 3. Bb5 a6 4. Ba4 f5 5. d3 fxe4 6. dxe4 Nf6 7. Bg5 d6 8. c3 Be7 9. Nbd2 O-O 10. Qe2 Nh5 11. Bxe7 Qxe7 12. g3 Kh8 13. Nh4 Nf4 14. gxf4 Qxh4 15. f5 Bxf5 16. O-O-O Be6 17. f3 Ne7 18. Bc2 b5 19. Rdg1 Ng6 20. Rg3 Nf4 21. Qe1 Rf7 22. Kb1 Raf8 23. Nf1 Nh5 24. Bd1 Nxg3 25. Nxg3 g6 26. Qe3 c5 27. Qd2 Rd8 28. Rf1 Qf4 29. Qg2 d5 30. exd5 Bxd5 31. Qe2 Bc4 0-1


[Site "https://www.chess.com"]

[Event "Titled Tuesday Blitz July 18 Early 2023"]
[White "Martinez Alcantara, Jose Eduardo"]
[Black "Zhigalko, Sergei"]
[WhiteFideId "3805662"]
[BlackFideId "13502956"]
[WhiteElo "3026"]
[BlackElo "2888"]
[Result "1-0"]
[Round "8"]
[TimeControl "180+2"]
[Date "2023.07.18"]
[WhiteClock "0:00:48"]
[BlackClock "0:00:00"]
[Board "11"]

1. e4 c5 2. Nf3 Nc6 3. Bb5 Nf6 4. Nc3 Qc7 5. Bxc6 dxc6 6. h3 e5 7. d3 Bd6 8. O-O O-O 9. Nd2 b5 10. a4 Rb8 11. b3 Re8 12. Ne2 Nd7 13. Ng3 Nf8 14. Nf5 Ne6 15. Nf3 Bf8 16. axb5 cxb5 17. Ne3 Nf4 18. c4 Rb6 19. Nd5 Nxd5 20. cxd5 f5 21. Kh2 a6 22. Qc2 Rf6 23. Ng1 Bd6 24. f3 f4 25. Bd2 Qe7 26. Be1 g5 27. Rc1 Bd7 28. Bf2 Rc8 29. Qa2 Bb8 30. b4 cxb4 31. Rxc8+ Bxc8 32. Rc1 Bd7 33. Bc5 Qg7 34. Qa5 1-0


[Site "https://www.chess.com"]

[Event "Titled Tuesday Blitz July 18 Early 2023"]
[White "Zemlyanskii, Ivan"]
[Black "Bluebaum, Matthias"]
[WhiteFideId "24249971"]
[BlackFideId "24651516"]
[WhiteElo "2885"]
[BlackElo "3018"]
[Result "1-0"]
[Round "8"]
[TimeControl "180+2"]
[Date "2023.07.18"]
[WhiteClock "0:00:05"]
[BlackClock "0:00:16"]
[Board "12"]

1. d4 d5 2. Bf4 c5 3. e3 Nc6 4. Nf3 e6 5. c3 Bd6 6. Nbd2 Bxf4 7. exf4 cxd4 8. cxd4 Qb6 9. Nb3 a5 10. Qd2 Nge7 11. Nc1 Nf5 12. Ne2 Bd7 13. g3 O-O 14. Bg2 Nce7 15. Nc3 Bb5 16. Bf1 Bxf1 17. Kxf1 Nc6 18. Rd1 a4 19. Kg2 a3 20. b3 Qb4 21. Nb1 Rfc8 22. Qd3 Qb6 23. Nc3 Nb4 24. Qd2 Qa5 25. Rc1 Nc6 26. Rhd1 Rc7 27. Nb1 Qb6 28. Nc3 Qb4 29. Na4 Qb5 30. Rc5 Qa6 31. Rdc1 Rac8 32. R5c2 Nd6 33. Ne5 Ne4 34. Qe3 h6 35. Nxc6 Rxc6 36. Nc5 Qb5 37. f3 Nd6 38. Qd2 b6 39. Na4 Nf5 40. Rxc6 Rxc6 41. Rxc6 Qxc6 42. Nc3 b5 43. Ne2 b4 44. g4 Nh4+ 45. Kg3 Ng6 46. h4 Qb5 47. h5 Ne7 48. Kf2 Nc6 49. Qc2 Qb6 50. Ke3 f6 51. Qg6 Kf8 52. Qd3 e5 53. fxe5 fxe5 54. Qf5+ Ke7 55. Qg6 exd4+ 56. Kd2 Qc5 57. Qxg7+ Kd6 58. Qf8+ Kc7 59. Qxh6 d3 60. Qh7+ Kb8 61. Qxd3 Ne5 62. Qe3 d4 63. Nxd4 Kc8 64. h6 Qd5 65. Qe4 Nxf3+ 66. Ke3 Qg5+ 67. Kxf3 Qxh6 68. Qc6+ Kd8 69. Qxh6 Kc7 70. Qc6+ Kd8 71. Qb7 Ke8 72. Nf5 Kf8 73. Qe7+ Kg8 74. Qg7# 1-0


[Site "https://www.chess.com"]

[Event "Titled Tuesday Blitz July 18 Early 2023"]
[White "Fridman, Daniel"]
[Black "Kamsky, Gata"]
[WhiteFideId "11600454"]
[BlackFideId "2000024"]
[WhiteElo "2871"]
[BlackElo "3013"]
[Result "1-0"]
[Round "8"]
[TimeControl "180+2"]
[Date "2023.07.18"]
[WhiteClock "0:00:08"]
[BlackClock "0:00:00"]
[Board "13"]

1. d4 Nf6 2. Nf3 d5 3. c4 c6 4. g3 g6 5. Bg2 Bg7 6. cxd5 cxd5 7. Nc3 O-O 8. Ne5 e6 9. O-O Nfd7 10. e4 Nxe5 11. dxe5 d4 12. Nb5 Nc6 13. f4 Qb6 14. Nd6 Bd7 15. Rf3 Rab8 16. Rb3 Qc7 17. Bd2 a6 18. Rc1 b5 19. Bb4 Rfd8 20. Bc5 Ra8 21. Bxd4 Qb8 22. Bc5 Na5 23. Rd3 Bc6 24. b4 Nc4 25. Nxc4 Rxd3 26. Qxd3 bxc4 27. Qxc4 Qb7 28. Bd6 Rc8 29. Bf1 Bd7 30. Bc5 Bb5 31. Qd4 Bc6 32. Bd3 h5 33. Kf2 Ra8 34. h4 Bb5 35. Rc2 a5 36. bxa5 Bxd3 37. Qxd3 Kh7 38. Bb6 Qe7 39. Qd6 Qe8 40. Qc6 Qf8 41. Qb5 Qa3 42. Qb3 Qe7 43. Rc7 Qd8 44. Qc2 Qe8 45. Qc6 Qf8 46. Rxf7 Qxf7 47. Qxa8 Qd7 48. Ke3 Qa4 49. Qd8 Qxa2 50. Qd3 1-0


[Site "https://www.chess.com"]

[Event "Titled Tuesday Blitz July 18 Early 2023"]
[White "Timofeev, Artyom"]
[Black "Movahed, Sina"]
[WhiteFideId "4140419"]
[BlackFideId "42520835"]
[WhiteElo "2852"]
[BlackElo "2995"]
[Result "0-1"]
[Round "8"]
[TimeControl "180+2"]
[Date "2023.07.18"]
[WhiteClock "0:00:00"]
[BlackClock "0:00:03"]
[Board "14"]

1. c4 Nf6 2. Nc3 g6 3. g3 Bg7 4. Bg2 c5 5. e3 O-O 6. Nge2 Nc6 7. O-O d6 8. h3 Bd7 9. b3 a6 10. d4 Rb8 11. a4 cxd4 12. exd4 Na5 13. Bd2 Bc6 14. d5 Be8 15. Re1 Nd7 16. Rb1 Ne5 17. Be3 b6 18. Nd4 Qc8 19. Rc1 h6 20. Na2 Kh7 21. Nb4 Qb7 22. h4 h5 23. Bg5 Bf6 24. Bxf6 exf6 25. f4 Ng4 26. Bf3 Bd7 27. Nbc6 Rbe8 28. b4 Bxc6 29. dxc6 Qa7 30. Bxg4 Rxe1+ 31. Qxe1 b5 32. c5 dxc5 33. bxc5 Nc4 34. Bd7 Qxc5 35. Qf2 Qa3 36. Re1 b4 37. f5 Ne5 38. fxg6+ Kxg6 39. Bf5+ Kg7 40. c7 Qc3 41. c8=Q Rxc8 42. Bxc8 Qxc8 43. Rf1 Ng4 44. Qf4 Qc5 45. Kg2 Qd5+ 46. Rf3 b3 47. Nf5+ Kh7 48. Qd4 Qb7 49. Qb2 Qe4 0-1


[Site "https://www.chess.com"]

[Event "Titled Tuesday Blitz July 18 Early 2023"]
[White "Harsh Suresh"]
[Black "Svane, Rasmus"]
[WhiteFideId "45018464"]
[BlackFideId "4657101"]
[WhiteElo "2849"]
[BlackElo "2976"]
[Result "0-1"]
[Round "8"]
[TimeControl "180+2"]
[Date "2023.07.18"]
[WhiteClock "0:00:02"]
[BlackClock "0:00:32"]
[Board "15"]

1. d4 d5 2. Nf3 e6 3. Bf4 Bd6 4. e3 c5 5. c3 Ne7 6. Bd3 Nbc6 7. Nbd2 Bxf4 8. exf4 Qb6 9. Qb3 c4 10. Qxb6 axb6 11. Bc2 b5 12. a3 b4 13. Ke2 bxc3 14. bxc3 f6 15. Rhb1 Kd8 16. Nf1 Kc7 17. Ne3 Bd7 18. g3 Ra5 19. h4 h6 20. Ra2 Rha8 21. Rba1 b5 22. Bb1 Nc8 23. Ne1 Nd6 24. f3 g5 25. fxg5 hxg5 26. h5 f5 27. g4 f4 28. Nd1 e5 29. dxe5 Nf7 30. Nc2 Nfxe5 31. Nb4 Be6 32. h6 d4 33. cxd4 Nxd4+ 34. Kf2 Rh8 35. h7 Ndxf3 36. Re2 Kd6 37. Nc3 Nd4 38. Rd2 Nxg4+ 39. Kg2 Ke5 40. Bg6 Ne3+ 41. Kf2 g4 42. Rh1 g3+ 43. Kg1 Nf3# 0-1


[Site "https://www.chess.com"]

[Event "Titled Tuesday Blitz July 18 Early 2023"]
[White "Kosteniuk, Alexandra"]
[Black "Tasdogen, Dincer"]
[WhiteFideId "4128125"]
[BlackFideId "6367097"]
[WhiteElo "2808"]
[BlackElo "2938"]
[Result "0-1"]
[Round "8"]
[TimeControl "180+2"]
[Date "2023.07.18"]
[WhiteClock "0:00:00"]
[BlackClock "0:00:13"]
[Board "16"]

1. e4 g6 2. d4 Bg7 3. Nc3 c6 4. f4 d5 5. e5 h5 6. Nf3 Nh6 7. Bd3 Bg4 8. h3 Bxf3 9. Qxf3 e6 10. Ne2 Nf5 11. Qf2 h4 12. Bxf5 gxf5 13. Ng1 Nd7 14. Nf3 Bf8 15. O-O Be7 16. b3 Qb6 17. Be3 O-O-O 18. Kh2 Rdg8 19. c4 Rg3 20. Rg1 Qa6 21. Rac1 Rhg8 22. Rc2 Kb8 23. Qe1 dxc4 24. bxc4 Nb6 25. Qe2 Rh8 26. Bf2 Rgg8 27. Rb1 Ka8 28. Rb3 Rc8 29. Qf1 c5 30. Rb5 cxd4 31. Nxd4 Bc5 32. Nb3 Bxf2 33. Ra5 Bg3+ 34. Kh1 Qxc4 35. Rxc4 Rxc4 36. Rc5 Rxf4 37. Qd1 Re4 38. Rc1 Re1+ 39. Qxe1 Bxe1 40. Rxe1 Rg8 41. Nd4 Kb8 42. Nf3 Rh8 43. Rd1 Nd5 44. Ng5 Rh5 45. Nxf7 f4 46. Re1 f3 47. Nd6 fxg2+ 48. Kxg2 Rg5+ 49. Kh2 Nf4 50. Rf1 Ng6 51. Rc1 a6 52. Rc8+ Ka7 53. Rg8 Nxe5 54. Rxg5 Nf3+ 55. Kg2 Nxg5 56. Nc8+ Kb8 57. Ne7 b5 58. Ng6 a5 59. Nxh4 b4 60. Ng6 a4 61. Ne5 Kc7 62. Nc4 Kc6 63. h4 Nf7 64. h5 Kc5 65. Nd2 Kd4 66. Kf3 Kc3 67. Ne4+ Kc2 68. Nc5 b3 69. axb3 a3 70. Nxe6 a2 71. Nd4+ Kb2 0-1


[Site "https://www.chess.com"]

[Event "Titled Tuesday Blitz July 18 Early 2023"]
[White "Bortnyk, Olexandr"]
[Black "Leiva, Gianmarco"]
[WhiteFideId "14120828"]
[BlackFideId "3804399"]
[WhiteElo "3019"]
[BlackElo "2744"]
[Result "1-0"]
[Round "8"]
[TimeControl "180+2"]
[Date "2023.07.18"]
[WhiteClock "0:00:38"]
[BlackClock "0:00:02"]
[Board "17"]

1. d4 Nf6 2. Nc3 d5 3. Bf4 c5 4. e4 Nxe4 5. Nxe4 dxe4 6. dxc5 Qa5+ 7. c3 Qxc5 8. Qa4+ Nc6 9. Qxe4 g6 10. Nf3 Bg7 11. Rd1 O-O 12. Be3 Bf5 13. Qh4 Qa5 14. Bc4 Bf6 15. Ng5 h5 16. Rd5 Bxg5 17. Qxg5 Qa4 18. b3 Qxa2 19. O-O Qc2 20. f3 Rad8 21. Rc1 Rxd5 22. Rxc2 Rd1+ 23. Kf2 Bxc2 24. b4 Bd3 25. Bd5 Bf5 26. Bxc6 bxc6 27. Qxe7 Rfd8 28. Bd4 R8xd4 29. cxd4 Rxd4 30. Qe8+ Kh7 31. Qxf7+ Kh6 32. Qf6 Rd2+ 33. Kg3 Kh7 34. Qe7+ Kg8 35. Qxa7 Rc2 36. h4 Kf8 37. Qc7 Ke8 38. Kf4 Rxg2 39. Qxc6+ Kf7 40. Qc7+ Kf8 41. b5 Rc2 42. Qxc2 1-0


[Site "https://www.chess.com"]

[Event "Titled Tuesday Blitz July 18 Early 2023"]
[White "Tica, Sven"]
[Black "Xu, Xiangyu"]
[WhiteFideId "14526948"]
[BlackFideId "8608288"]
[WhiteElo "2693"]
[BlackElo "2984"]
[Result "1/2-1/2"]
[Round "8"]
[TimeControl "180+2"]
[Date "2023.07.18"]
[WhiteClock "0:00:37"]
[BlackClock "0:01:03"]
[Board "18"]

1. Nf3 d5 2. g3 Nd7 3. Bg2 Ngf6 4. O-O e5 5. d3 c6 6. Nc3 Bd6 7. e4 O-O 8. Nh4 Nb6 9. Bg5 Be7 10. Nf3 h6 11. Bxf6 Bxf6 12. Qe2 Re8 13. h3 g6 14. Nd2 Bg7 15. Rae1 h5 16. Nf3 Be6 17. Qd2 dxe4 18. Nxe4 Bd5 19. Qe3 Qe7 20. a3 Rad8 21. Nc3 Bxf3 22. Bxf3 h4 23. Bg2 f5 24. f4 Qc7 25. fxe5 Rxe5 26. Qg5 Rde8 27. Rxe5 Qxe5 28. Qxh4 Qe3+ 29. Kh1 Be5 30. Bf3 Nd7 31. Kg2 Nf6 32. Qc4+ Kg7 33. Nd1 Qg5 34. Qh4 Qxh4 35. gxh4 Rh8 36. Re1 Nd7 37. d4 Bf6 38. h5 gxh5 39. Ne3 Kg6 40. c3 Re8 41. Re2 Bg5 42. Nf1 Rxe2+ 43. Bxe2 Bc1 44. Ng3 h4 45. Nxf5 Kxf5 46. Bg4+ Ke4 47. Bxd7 Bxb2 48. Bc8 b6 49. Bb7 Kd5 50. c4+ Kxc4 51. Bxc6 Bxa3 52. d5 Bd6 53. Kf3 b5 54. Ke2 a5 55. Kd2 a4 56. Kc2 a3 57. Be8 Be5 58. d6 Bxd6 59. Bf7+ Kb4 60. Ba2 Be5 61. Bb3 Bf6 62. Ba2 Kc5 63. Be6 Be7 64. Kb3 Kd4 65. Ka2 Kc3 66. Bd7 b4 67. Be6 Bd6 68. Bg8 Be7 69. Bf7 Bd6 70. Bg8 Be7 71. Bf7 Bd6 72. Bg8 1/2-1/2


[Site "https://www.chess.com"]

[Event "Titled Tuesday Blitz July 18 Early 2023"]
[White "Koshulyan, Egor A."]
[Black "Aravindh, Chithambaram VR."]
[WhiteFideId "24237000"]
[BlackFideId "5072786"]
[WhiteElo "2692"]
[BlackElo "2944"]
[Result "0-1"]
[Round "8"]
[TimeControl "180+2"]
[Date "2023.07.18"]
[WhiteClock "0:00:09"]
[BlackClock "0:01:52"]
[Board "19"]

1. e4 c6 2. d4 d5 3. exd5 cxd5 4. Bd3 Nc6 5. c3 g6 6. h3 Bf5 7. Nf3 Bxd3 8. Qxd3 Bg7 9. O-O e6 10. Bf4 Nge7 11. Nbd2 O-O 12. Rfe1 a6 13. Nb3 Nf5 14. Nc5 b6 15. Nxa6 Qc8 16. Nc7 Ra5 17. Nb5 Qa6 18. a4 Rxa4 19. Rxa4 Qxa4 20. Na3 Ra8 21. Nd2 Bf8 22. Nc2 Qa6 23. Qxa6 Rxa6 24. Ra1 Rxa1+ 25. Nxa1 b5 26. b4 f6 27. Nf3 Bd6 28. Bd2 e5 29. dxe5 fxe5 30. Nc2 e4 31. Ng5 Ne5 32. Na3 Be7 33. Nxb5 e3 34. fxe3 Bxg5 35. Nc7 Bxe3+ 36. Bxe3 Nxe3 37. b5 N5c4 38. Kf2 Nd1+ 39. Kf3 Nxc3 40. Kf4 Kf7 41. g4 d4 42. b6 0-1


[Site "https://www.chess.com"]

[Event "Titled Tuesday Blitz July 18 Early 2023"]
[White "Ovchinnikov, Vsevolod"]
[Black "Jones, Gawain C B"]
[WhiteFideId "24176842"]
[BlackFideId "409561"]
[WhiteElo "2655"]
[BlackElo "2920"]
[Result "0-1"]
[Round "8"]
[TimeControl "180+2"]
[Date "2023.07.18"]
[WhiteClock "0:00:05"]
[BlackClock "0:00:05"]
[Board "20"]

1. d4 Nf6 2. c4 g6 3. Nc3 Bg7 4. e4 d6 5. Nf3 O-O 6. h3 e5 7. d5 a5 8. g4 Na6 9. Be3 Nd7 10. a3 Nb6 11. Rg1 Kh8 12. h4 f5 13. gxf5 gxf5 14. exf5 Bxf5 15. Ng5 Nc5 16. Bxc5 dxc5 17. Bd3 e4 18. Ncxe4 Bxb2 19. Ra2 Bd4 20. Qh5 Qe8 21. Qxe8 Raxe8 22. Re2 Bxe4 23. Nxe4 Rf3 24. Kd2 Nd7 25. Rg3 Ne5 26. Ng5 Rxf2 27. Rxf2 Bxf2 28. Rg2 Bxh4 29. Ne6 Nf3+ 30. Ke3 Nd4 31. Rg4 Nxe6 32. dxe6 Rxe6+ 33. Be4 Bf6 34. Kf3 c6 35. Rf4 h6 36. Rf5 Be7 37. Rf7 Kg8 38. Rf5 Kg7 39. Rf4 Bf6 40. Rf5 Be5 41. a4 Bd4 42. Rf4 h5 43. Rf5 h4 44. Rg5+ Kf7 45. Rh5 Rf6+ 46. Bf5 Ke7 47. Rh7+ Kd6 48. Ke4 Rxf5 49. Kxf5 Bf2 50. Rh6+ Kc7 51. Ke6 b5 52. cxb5 cxb5 53. axb5 Kb6 54. Kd5+ Kxb5 55. Rh8 Bg3 56. Rh7 Kb4 57. Rb7+ Kc3 58. Kxc5 a4 59. Ra7 Bf2+ 60. Kb5 Bxa7 61. Kxa4 h3 0-1


[Site "https://www.chess.com"]

[Event "Titled Tuesday Blitz July 18 Early 2023"]
[White "Anton Guijarro, David"]
[Black "Shuvalova, Polina"]
[WhiteFideId "2285525"]
[BlackFideId "24171760"]
[WhiteElo "2920"]
[BlackElo "2666"]
[Result "1-0"]
[Round "8"]
[TimeControl "180+2"]
[Date "2023.07.18"]
[WhiteClock "0:00:12"]
[BlackClock "0:00:15"]
[Board "21"]

1. Nf3 Nf6 2. b3 d5 3. Bb2 e6 4. c4 c5 5. cxd5 exd5 6. g3 Nc6 7. Bg2 d4 8. O-O Bd6 9. Na3 O-O 10. Nc4 Bc7 11. e3 Re8 12. exd4 cxd4 13. Re1 Bg4 14. Rxe8+ Qxe8 15. h3 Bh5 16. g4 Bg6 17. Nxd4 Nxd4 18. Bxd4 Rd8 19. Bxf6 gxf6 20. Bxb7 Rd3 21. Bg2 Qd7 22. Qe2 Qd4 23. Re1 Qf4 24. Qe7 Rxh3 25. Re3 Rh4 26. Rg3 Kg7 27. Ne3 Bb6 28. Bd5 Bxe3 29. dxe3 Qb4 30. Qxb4 1-0


[Site "https://www.chess.com"]

[Event "Titled Tuesday Blitz July 18 Early 2023"]
[White "Schnaider, Ilan"]
[Black "Gholami Orimi, Mahdi"]
[WhiteFideId "169013"]
[BlackFideId "12558486"]
[WhiteElo "2642"]
[BlackElo "2914"]
[Result "1-0"]
[Round "8"]
[TimeControl "180+2"]
[Date "2023.07.18"]
[WhiteClock "0:01:59"]
[BlackClock "0:00:30"]
[Board "22"]

1. e4 c6 2. Nf3 d5 3. Nc3 dxe4 4. Nxe4 Nf6 5. Qe2 Nxe4 6. Qxe4 Qd5 7. Qh4 Bf5 8. Bc4 Qa5 9. O-O e6 10. d3 Nd7 11. Bd2 Qd8 12. Qg3 Be7 13. Nd4 Bg6 14. Bxe6 fxe6 15. Nxe6 Qc8 16. Nc7+ Kf7 17. Nxa8 Qxa8 18. Rae1 Re8 19. f4 Bf5 20. Qf3 Nf6 21. Re5 Bg4 22. Qg3 Bd6 23. Rg5 h5 24. h3 h4 25. Qxh4 Be2 26. Bc3 Bxf1 27. Rxg7+ 1-0


[Site "https://www.chess.com"]

[Event "Titled Tuesday Blitz July 18 Early 2023"]
[White "Donchenko, Alexander"]
[Black "Mendez Fortes, Eduardo Jesus"]
[WhiteFideId "24603295"]
[BlackFideId "3502376"]
[WhiteElo "2861"]
[BlackElo "2639"]
[Result "1-0"]
[Round "8"]
[TimeControl "180+2"]
[Date "2023.07.18"]
[WhiteClock "0:00:09"]
[BlackClock "0:00:03"]
[Board "23"]

1. d4 Nf6 2. Nf3 d5 3. Bf4 c5 4. e3 Nc6 5. Nbd2 Qb6 6. dxc5 Qxb2 7. Rb1 Qc3 8. Bb5 e6 9. O-O Be7 10. Nb3 O-O 11. Bxc6 bxc6 12. Qd4 Qxc2 13. Ne5 Ne4 14. Nxc6 Bf6 15. Be5 Ba6 16. Bxf6 gxf6 17. Rb2 Qc4 18. Rc1 Qxd4 19. exd4 f5 20. Nd2 Nxd2 21. Rxd2 Bb5 22. Ne5 Rab8 23. Rb2 f6 24. Nf3 Bc4 25. Rcb1 Rbc8 26. Nd2 e5 27. Nxc4 dxc4 28. Rc2 exd4 29. Rxc4 Rfd8 30. Rd1 d3 31. g3 Rd5 32. Kg2 Rcxc5 33. Rxd3 Rxd3 34. Rxc5 Ra3 35. Rxf5 Kg7 36. h4 Rxa2 37. Rb5 a5 38. g4 a4 39. Ra5 a3 40. Kg3 Kg6 41. Ra6 Ra1 42. Kf4 Ra2 43. f3 h5 44. g5 Rh2 45. Rxf6+ Kg7 46. Kf5 Rxh4 47. Ra6 Rh3 48. Rxa3 Rg3 49. Ra7+ Kf8 50. f4 h4 51. Kf6 Ke8 52. g6 h3 53. Rh7 1-0


[Site "https://www.chess.com"]

[Event "Titled Tuesday Blitz July 18 Early 2023"]
[White "Suleymanli, Suleyman"]
[Black "Ter-Sahakyan, Samvel"]
[WhiteFideId "13416375"]
[BlackFideId "13302531"]
[WhiteElo "2637"]
[BlackElo "2847"]
[Result "0-1"]
[Round "8"]
[TimeControl "180+2"]
[Date "2023.07.18"]
[WhiteClock "0:01:03"]
[BlackClock "0:00:11"]
[Board "24"]

1. Nf3 d5 2. g3 b6 3. Bg2 Bb7 4. O-O e6 5. d4 Nf6 6. c4 dxc4 7. Qa4+ Nbd7 8. Qxc4 Bd6 9. Nc3 O-O 10. Bf4 Rc8 11. Rfe1 a6 12. e4 Bxf4 13. gxf4 c5 14. e5 Nd5 15. Ng5 h6 16. Nh3 b5 17. Qd3 Nb4 18. Qd2 Bxg2 19. Kxg2 Qh4 20. Ne4 Nd5 21. Ng3 cxd4 22. Qxd4 Rc4 23. Qd2 N7b6 24. Re4 Rfc8 25. b3 Rxe4 26. Nxe4 Nc3 27. Ng3 Nbd5 28. Rc1 b4 29. Nf1 a5 30. Ng3 Ra8 31. f5 exf5 32. Nxf5 Qe4+ 33. f3 Qxf5 34. Rg1 Qxe5 35. Kh1 Qe3 36. Qg2 Qe5 37. Nf2 Nf4 38. Qg4 Rd8 39. h3 Nce2 40. Ne4 Nxg1 41. Kxg1 Ne6 42. h4 Rd1+ 43. Kg2 Qb2+ 44. Nf2 Rd2 45. Qg3 Rxf2+ 46. Qxf2 Qxf2+ 47. Kxf2 g5 48. hxg5 Nxg5 49. Ke3 Kg7 50. Kd4 h5 51. Kc5 h4 52. Kb5 h3 53. Kxa5 h2 54. Kxb4 h1=Q 55. f4 Qe4+ 56. Ka5 Qxf4 57. b4 Ne6 58. a4 Qc7+ 59. Kb5 Nd4+ 60. Ka6 Qc4+ 61. b5 Qxa4+ 62. Kb6 Qxb5+ 63. Kc7 Qd5 64. Kb6 f5 65. Ka7 f4 66. Kb6 f3 67. Kc7 f2 68. Kb6 f1=Q 69. Ka7 Qa1+ 70. Kb6 Qb2+ 71. Kc7 Qc3+ 72. Kb6 Qdb3+ 73. Ka7 Qa1# 0-1


[Site "https://www.chess.com"]

[Event "Titled Tuesday Blitz July 18 Early 2023"]
[White "Zaragatski, Ilja"]
[Black "KhalilMousavi98"]
[WhiteFideId "4655192"]
[WhiteElo "2629"]
[BlackElo "2818"]
[Result "0-1"]
[Round "8"]
[TimeControl "180+2"]
[Date "2023.07.18"]
[WhiteClock "0:00:01"]
[BlackClock "0:00:10"]
[Board "25"]

1. g3 Nf6 2. Bg2 e6 3. c4 d5 4. Nf3 b6 5. cxd5 exd5 6. d4 Bb4+ 7. Bd2 Be7 8. Qa4+ c6 9. Ne5 Bb7 10. O-O O-O 11. Rc1 Nfd7 12. Nd3 a5 13. Nc3 Na6 14. e4 Nb4 15. Nf4 Bg5 16. exd5 cxd5 17. Nce2 Ba6 18. Qd1 Bxe2 19. Nxe2 Bxd2 20. Qxd2 Nf6 21. a3 Na6 22. Nf4 Re8 23. Rc6 Nb8 24. Rc2 Ra7 25. Rac1 Rae7 26. h3 h6 27. Qd3 Qd6 28. Qf5 g6 29. Nxg6 fxg6 30. Qxg6+ Rg7 31. Qxh6 Nbd7 32. Rc6 Re1+ 33. Rxe1 Qxc6 34. Qf4 Qc2 35. Qd6 Rf7 36. f4 Qxb2 37. Re7 Qxd4+ 38. Kh2 Qc5 39. Qe6 Qxe7 0-1


[Site "https://www.chess.com"]